 Dungeon Crawl Stone Soup version 0.26-a0-259-g1effd001a9 (webtiles) character file.

Game seed: 5450403927714722857

74 vurker the Sneak (level 4, -4/35 HPs)
             Began as a Demonspawn Brigand on July 17, 2020.
             Slain by Sigmund
             ... wielding a +0 scythe
              (5 damage)
             ... on level 3 of the Dungeon.
             The game lasted 00:02:27 (1564 turns).

vurker the Sneak (Demonspawn Brigand)               Turns: 1564, Time: 00:02:27

Health: -4/35      AC:  7    Str: 13    XL:     4   Next: 10%
Magic:  13/13      EV:  9    Int: 12    God:
Gold:   57         SH:  0    Dex: 14    Spells: 3/3 levels left

rFire    . . .     SeeInvis .   a - +2 dagger
rCold    . . .     Faith    .   (no shield)
rNeg     . . .     Spirit   .   o - +0 scale mail
rPois    .         Reflect  .   m - +0 hat
rElec    .         Harm     .   c - +0 cloak
rCorr    .                      (no gloves)
MR       .....                  (no boots)
Stlth    +.........             (no amulet)
HPRegen  0.11/turn              g - +4 ring of slaying
MPRegen  0.13/turn              r - ring of magical power

@: no status effects
A: hooves 1, horns 1
a: no special abilities


You were on level 3 of the Dungeon.
You were not hungry.

You visited 1 branch of the dungeon, and saw 3 of its levels.

You collected 57 gold pieces.

Inventory:

Hand Weapons
 a - a +2 dagger (weapon)
Missiles
 d - 22 poisoned darts (quivered)
Armour
 c - a +0 cloak (worn)
 m - a +0 hat (worn)
   (You found it on level 1 of the Dungeon)
 o - a +0 scale mail (worn)
   (You found it on level 2 of the Dungeon)
Jewellery
 g - a +4 ring of slaying (left hand)
   (You found it on level 1 of the Dungeon)
 r - a ring of magical power (right hand)
   (You found it on level 2 of the Dungeon)
Scrolls
 b - a scroll of enchant weapon {unknown}
 h - a scroll of noise {unknown}
 i - 7 scrolls of identify {unknown}
 j - a scroll of teleportation {unknown}
 k - a scroll of magic mapping {unknown}
 p - a scroll of blinking {unknown}
 q - a scroll of amnesia {unknown}
Potions
 l - a potion of haste {unknown}
 n - a potion of flight {unknown}
Comestibles
 e - 7 rations


   Skills:
 + Level 3.4 Fighting
 - Level 1.7 Short Blades
 + Level 3.0 Throwing
 - Level 0.8 Dodging
 - Level 3.6 Stealth


You had 3 spell levels left.
You didn't know any spells.
Your spell library was empty.

Dungeon Overview and Level Annotations

Branches:
Dungeon (3/15)

Altars:
Dithmenos

Annotations:
D:3 Sigmund


Innate Abilities, Weirdness & Mutations

You have large cloven feet.
You have a pair of small horns on your head.


Message History

You have reached level 4!
You feel stronger.
Your demonic ancestry asserts itself...
Your feet thicken and deform.
Unknown command.
You barely miss the orc. You kick the orc!
You kill the orc!
Sigmund points at you and mumbles some strange words.
The magic dart hits you!
* * * LOW HITPOINT WARNING * * *
You see here a +0 war axe of distortion.
A worm comes into view.
Found a scroll labeled YBU PAINIMA ERE.
You now have 57 gold pieces (gained 10).
Things that are here:
a +0 club; a leopard gecko corpse; a jackal corpse
There is a stone staircase leading up here.
You start resting.
Sigmund is too close now for your liking.
Quiver which item? (- for none, * to show all) (? for menu, Esc to quit)
Quivering
f - 2 curare-tipped darts for throwing.
Throwing (i - inventory. (/) - cycle)
f - 2 curare-tipped darts (quivered)
Aim: Sigmund, wielding a +0 scythe and wearing a +0 robe You throw a curare-tipped dart.
The curare-tipped dart barely misses Sigmund.
Throwing (i - inventory. (/) - cycle)
f - a curare-tipped dart (quivered)
Aim: Sigmund, wielding a +0 scythe and wearing a +0 robe You throw a curare-tipped dart.
The curare-tipped dart hits Sigmund.
Sigmund is poisoned.
Sigmund convulses.
Sigmund seems to slow down.
Quiver which item? (- for none, * to show all) (? for menu, Esc to quit)
Quivering
d - 26 poisoned darts for throwing.
Throwing (i - inventory)
d - 26 poisoned darts (quivered)
Aim: Sigmund, wielding a +0 scythe and wearing a +0 robe (moderately wounded, very poisoned, slow)
You throw a poisoned dart.
The poisoned dart closely misses Sigmund.
Throwing (i - inventory)
d - 25 poisoned darts (quivered)
Aim: Sigmund, wielding a +0 scythe and wearing a +0 robe (moderately wounded, very poisoned, slow)
You throw a poisoned dart.
The poisoned dart barely misses Sigmund.
Sigmund hits you from afar with a +0 scythe!
* * * LOW HITPOINT WARNING * * *
Throwing (i - inventory)
d - 24 poisoned darts (quivered)
Aim: Sigmund, wielding a +0 scythe and wearing a +0 robe (heavily wounded, very poisoned, slow)
You throw a poisoned dart. The poisoned dart hits Sigmund.
Sigmund looks even sicker.
Throwing (i - inventory)
d - 23 poisoned darts (quivered)
Aim: Sigmund, wielding a +0 scythe and wearing a +0 robe (heavily wounded, very poisoned, slow)
You throw a poisoned dart.
The poisoned dart barely misses Sigmund.
Sigmund hits you from afar with a +0 scythe.
You die...

### ... #.# #.# ##.##
#### #...#
..%.##..)###
...(....@.@# ..
#....##(#### ...
##......########
#..###..##.)........
.# #..#..###..........
..##.....##...........
......................
#..[......##...[.....
##..._...####........


You could see Sigmund (very poisoned, slow).

Vanquished Creatures
  An adder (D:3)
  A dart slug (D:1)
  3 leopard geckos
  An orc (D:3)
  3 giant cockroaches
  8 goblins
  6 hobgoblins
  7 jackals
  A ball python (D:2)
  9 bats
  5 frilled lizards
  4 kobolds
  5 rats
54 creatures vanquished.

Notes
Turn   | Place    | Note
-------+----------+-------------------------------------------
     0 | D:1      | vurker the Demonspawn Brigand began the quest for the Orb.
     0 | D:1      | Reached XP level 1. HP: 16/16 MP: 1/1
    62 | D:1      | Gained mutation: You have a pair of small horns on your
                  | head. [demonic ancestry]
    62 | D:1      | Reached XP level 2. HP: 23/23 MP: 2/2
   426 | D:1      | Reached XP level 3. HP: 22/28 MP: 3/3
  1518 | D:3      | Found a shadowy altar of Dithmenos.
  1524 | D:3      | Noticed Sigmund
  1528 | D:3      | Gained mutation: You have large cloven feet. [demonic
                  | ancestry]
  1528 | D:3      | Reached XP level 4. HP: 16/35 MP: 4/4
  1562 | D:3      | HP: 1/35 [Sigmund/+0 scythe (12)]
  1564 | D:3      | Slain by Sigmund

Illustrated notes

Levels and vault maps discovered:
D:1:      dpeg_arrival_pond, layout_rooms, nrook_mini_backslash
D:2:      layout_basic
D:3:      layout_basic, tgw_trog, lemuel_coloured_pillars_altar,
          nicolae_dithmenos_shadow_blocks, minitemple, uniq_sigmund,
          uniq_crazy_yiuf_cottage, uniq_terence

Skill      XL: |  1  2  3 |
---------------+----------+-----
Throwing       | 2 3 |  3.0
Fighting       | 3 |  3.4
Short Blades   | |  1.7
Dodging        | |  0.8
Stealth        | |  3.6

Action                   |  1- 3 |  4- 6 || total
-------------------------+-------+-------++-------
Melee: Dagger            |    95 |     1 ||    96
       Headbutt          |    13 |       ||    13
       Kick              |       |     1 ||     1
Throw: Dart              |       |     6 ||     6
 Stab: Sleeping          |     6 |       ||     6
  Eat: Ration            |     1 |       ||     1
Armor: Robe              |    10 |       ||    10
       Ring mail         |    10 |       ||    10
       Scale mail        |    17 |       ||    17
Dodge: Dodged            |    50 |       ||    50

Table legend:
 A = Non-vault XP
 B = Vault XP
 C = Vault XP percentage of total XP
 D = Non-vault monster count
 E = Vault monster count
 F = Vault count percentage of total count
                 A         B        C        D         E       F
            +---------+---------+-------+---------+---------+-------
      Total |     107 |       0 |   0.0 |      54 |       0 |   0.0
            +---------+---------+-------+---------+---------+-------
        D:1 |      43 |       0 |   0.0 |      24 |       0 |   0.0
        D:2 |      29 |       0 |   0.0 |      18 |       0 |   0.0
        D:3 |      35 |       0 |   0.0 |      12 |       0 |   0.0
            +---------+---------+-------+---------+---------+-------
